Map: Terraform LE (Void)

Players

Jow - Winner!

  • Race: Zerg Zerg
  • League: Grandmaster

Javert

  • Race: Zerg Zerg
  • League: Platinum

VOD

Have the link to the VOD?

Description

Time

  • Played on: Aug. 22, 2015, 12:50 a.m.
  • Length: 5:19
Show
View Real Time Build Order
Export as new Build Order

Jow Zerg - Winner!

Build Orders: Pool First, Zergling Baneling 

Get SALT Encoding   

  12  0:01  Drone  
  13  0:08  Drone  
  14  0:16  Drone, Extractor  
  14  0:34  Spawning Pool  
  13  0:35  Drone  
  14  0:45  Overlord  
  14  1:03  Drone x3  
  17  1:21  Metabolic Boost  
  17  1:23  Queen  
  19  1:27  Zergling x2  
  19  1:31  Zergling x2  
  21  1:37  Overlord  
  21  1:49  Baneling Nest  
  21  1:53  Zergling x2  
  21  2:04  Zergling x2  
  22  2:12  Pneumatized Carapace  
  22  2:14  Zergling x2  
  23  2:27  Zergling x2  
  24  2:35  Zergling x2  
  24  2:36  Zergling x4  
  26  2:40  Baneling x2  
  26  2:53  Zergling x2  
  26  3:00  Zergling x2  
  25  3:08  Zergling x6  
  28  3:20  Zergling x2  
  28  3:30  Drone  
  28  3:32  Hatchery  
  28  3:34  Zergling x2  
  28  3:38  Baneling x2  
  29  3:51  Drone  
  29  3:52  Overlord  
  30  4:00  Baneling  
  30  4:01  Baneling x5  
  29  4:11  Zergling x8  
  33  4:23  Drone  
  34  4:37  Drone  
  34  4:38  Baneling x2  
  35  4:39  Zergling x4  
  37  4:46  Zergling x4  
  35  5:00  Zergling x4  
Show
View Real Time Build Order
Export as new Build Order

Javert Zerg 

Build Orders: Hatch First 

Get SALT Encoding   

  12  0:01  Drone  
  13  0:14  Overlord  
  13  0:17  Drone  
  14  0:25  Extractor  
  14  0:26  Drone, Extractor  
  13  0:30  Drone  
  16  0:37  Drone  
  17  0:55  Hatchery  
  16  0:58  Drone  
  16  1:01  Extractor  
  16  1:03  Drone  
  17  1:10  Drone  
  18  1:23  Spawning Pool  
  17  1:26  Drone  
  18  1:33  Drone  
  19  1:43  Drone  
  20  1:52  Drone  
  21  2:11  Spine Crawler  
  21  2:13  Queen x2  
  21  2:14  Zergling x2  
  21  2:15  Zergling x2  
  25  2:39  Drone  
  25  2:40  Drone  
  22  3:13  Zergling x6  
  22  3:14  Zergling x6  
  28  3:20  Baneling Nest  
  28  3:25  Overlord  
  27  3:37  Drone  
  29  3:48  Zergling x4  
  29  3:53  Overlord  
  30  4:01  Overlord  
  30  4:05  Baneling  
  30  4:06  Baneling x5  
  30  4:10  Queen  
  32  4:22  Drone x3  
  32  4:23  Drone  
  36  4:41  Hatchery  
  36  4:45  Drone x2  
Tags
 
Add a new tag
Caveats
  • Supply blocks, unpowered buildings, or Contaminate may cause inaccurate times.
  • Supply counts are checked every 10 seconds.